 Dungeon Crawl Stone Soup version 0.28-a0-1080-g05a166d0ed (webtiles) character file.

Game seed: 11924097129227171515

86 enile the Sneak (level 4, -4/28 HPs)
             Began as a Kobold Brigand on Dec 9, 2021.
             Was a Follower of Sif Muna.
             Slain by a gnoll (9 damage)
             ... on level 3 of the Dungeon.
             The game lasted 00:03:17 (2244 turns).

enile the Sneak (Kobold Brigand)                    Turns: 2244, Time: 00:03:17

Health: -4/28      AC:  3    Str: 10    XL:     4   Next: 78%
Magic:  4/4        EV: 14    Int: 12    God:    Sif Muna [*.....]
Gold:   131        SH:  0    Dex: 16    Spells: 2/3 levels left

rFire   + . .      SeeInvis .   a - +2 dagger
rCold   . . .      Faith    .   (shield restricted)
rNeg    . . .      Spirit   .   b - +0 robe
rPois   .          Reflect  .   (no helmet)
rElec   .          Harm     .   c - +0 cloak
rCorr   .          Rampage  .   (no gloves)
Will    .....                   (no boots)
Stlth   ++++......              (no amulet)
HPRegen 0.09/turn               l - ring of protection from fire
MPRegen 0.09/turn               (no ring)

@: no status effects
A: small, no large weapons, nightstalker 3
a: Renounce Religion, Channel Magic


You were on level 3 of the Dungeon.
You worshipped Sif Muna.
Sif Muna was aware of your devotion.
You visited 1 branch of the dungeon, and saw 3 of its levels.

You collected 131 gold pieces.

Inventory:

Hand Weapons
 a - a +2 dagger (weapon)
Missiles
 d - 4 poisoned darts (quivered)
 e - 2 curare-tipped darts
 h - 3 javelins
Armour
 b - a +0 robe (worn)
 c - a +0 cloak (worn)
Jewellery
 l - a ring of protection from fire (left hand)
Scrolls
 f - a scroll of identify {unknown}
 j - a scroll of magic mapping {unknown}
 k - a scroll of enchant armour {unknown}
 n - a scroll of noise {unknown}
Potions
 g - 2 potions of invisibility {unknown}
 i - a potion of curing {unknown}
 m - a potion of mutation {unknown}
 o - 2 potions of attraction {unknown}


   Skills:
 - Level 3.0 Fighting
 - Level 5.0 Short Blades
 + Level 2.2 Throwing
 - Level 1.2 Dodging
 - Level 5.3 Stealth
 - Level 1.0 Conjurations
 - Level 1.0 Air Magic


You had 2 spell levels left.
You knew the following spells:

 Your Spells              Type           Power      Damage    Failure   Level
a - Shock                 Conj/Air       8%         1d3       22%         1

Your spell library contained the following spells:

 Spells                   Type           Power      Damage    Failure   Level
 Swiftness                Air            2%         N/A       54%         3
 Ozocubu's Armour         Ice            0%         N/A       69%         3
 Airstrike                Air            1%         N/A       91%         4
 Ozocubu's Refrigeration  Ice            0%         4d5       100%        7


Dungeon Overview and Level Annotations

Branches:
Dungeon (3/15)

Altars:
Sif Muna


Innate Abilities, Weirdness & Mutations

You are small and have problems with some larger weapons.
You are completely attuned to the shadows.


Message History

The gnoll is almost dead.
You kill the gnoll!
Sif Muna accepts your kill.
Training target 1.0 for Conjurations reached!
Your Conjurations skill increases to level 1!
You need to enable at least one skill for training.
There is a stone staircase leading up here.
Throw: 6 darts (poison)
Press: ? - help, Q - select action, (/) - cycle Shift-Dir - straight line, f - gnoll
Aim: a gnoll, wielding a +0 whip (moderately wounded, poisoned, 65% to hit)
You throw a poisoned dart. The poisoned dart hits the gnoll.
The gnoll looks even sicker.
The gnoll is moderately wounded.
Throw: 5 darts (poison)
Press: ? - help, Q - select action, (/) - cycle Shift-Dir - straight line, f/p - gnoll
Aim: a gnoll, wielding a +0 whip (moderately wounded, very poisoned, 65% to hit)
You throw a poisoned dart.
The poisoned dart barely misses the gnoll.
The gnoll hits you with a +0 whip.
The gnoll hits you from afar with a +0 spear.
The gnoll closely misses you.
You climb upwards.
There is a stone staircase leading down here.
You are too injured to fight recklessly!
You hit the gnoll but do no damage.
The gnoll is moderately wounded.
The gnoll barely misses you.
You closely miss the gnoll.
The gnoll is moderately wounded.
The gnoll hits you with a +0 whip.
You hit the gnoll.
You kill the gnoll!
Sif Muna accepts your kill.
Training target 1.0 for Air Magic reached!
Your Air Magic skill increases to level 1!
You need to enable at least one skill for training.
You climb downwards.
The gnoll hits you with a +0 spear.
* * * LOW HITPOINT WARNING * * *
The gnoll hits you with a +0 spear!
You die...

#.# #.# #.#
#.# #.#.
#@## #..
#g)# #.#
##r####.####
#≈..((gr....
#≈.####Jr...
#≈≈≈# #.#...
#≈≈## #r....
≈≈# ###...


You could see a gnoll and a rat.

Vanquished Creatures
  3 gnolls
  An adder (D:2)
  A dart slug (D:1)
  8 bats
  7 endoplasms
  3 giant cockroaches
  3 hobgoblins
  4 jackals (D:2)
  4 kobolds
  3 quokkas
  A ball python (D:2)
  2 frilled lizards
  A rat (D:2)
41 creatures vanquished.

Notes
Turn   | Place    | Note
-------+----------+-------------------------------------------
     0 | D:1      | enile the Kobold Brigand began the quest for the Orb.
     0 | D:1      | Reached XP level 1. HP: 12/12 MP: 1/1
   204 | D:1      | Reached XP level 2. HP: 17/17 MP: 2/2
   842 | D:1      | Found a faded altar of an unknown god.
   855 | D:1      | Prayed at the altar of an unknown god.
   855 | D:1      | Became a worshipper of Sif Muna the Loreminder
   855 | D:1      | Reached * piety under Sif Muna
   930 | D:1      | Reached XP level 3. HP: 22/22 MP: 3/3
  1527 | D:2      | Found a shimmering blue altar of Sif Muna.
  1537 | D:2      | Learned a level 1 spell: Shock
  1765 | D:2      | Reached XP level 4. HP: 28/28 MP: 4/4
  2223 | D:3      | Reached skill level 5 in Short Blades
  2236 | D:3      | Reached skill level 1 in Conjurations
  2243 | D:2      | Reached skill level 1 in Air Magic
  2244 | D:3      | Slain by a gnoll

Illustrated notes

Levels and vault maps discovered:
D:1:      saegor_arrival_simple_e, layout_loops_corners,
          dreamdust_ecumenical_altar_statues, roderic_serpentine_path
D:2:      layout_basic, basic_altar
D:3:      layout_loops_ring, serial_shops, shop,
          nicolae_shop_bloodbath_and_beyond, chequers_serial_rivers_large_b,
          dk_noncrumbling_2

Skill      XL: |  1  2  3  4 |
---------------+-------------+-----
Short Blades   | 3 4 5 |  5.0
Fighting       | 3 |  3.0
Conjurations   | 1 |  1.0
Air Magic      | 1 |  1.0
Throwing       | |  2.2
Dodging        | |  1.2
Stealth        | |  5.3

Action                   |  1- 3 |  4- 6 || total
-------------------------+-------+-------++-------
Melee: Dagger            |    89 |    12 ||   101
Throw: Dart              |       |     4 ||     4
 Cast: Shock             |     2 |     6 ||     8
 Stab: Sleeping          |    16 |     5 ||    21
Armor: Robe              |    19 |     1 ||    20
Dodge: Dodged            |    59 |     5 ||    64

Table legend: (Time is in decaauts)
 A = Elapsed time spent in this place.
 B = Non-inter-level travel time spent in this place.
 C = Inter-level travel time spent in this place.
 D = Time resting spent in this place.
 E = Time spent auto-exploring this place.
 F = Levels seen in this place.
 G = Mean time per level.
                   A        B        C        D        E       F      G
               +--------+--------+--------+--------+--------+-----+--------+
         Total |   2222 |   2159 |     63 |      0 |   1883 |   3 |  740.7 |
       Dungeon |   2222 |   2159 |     63 |      0 |   1883 |   3 |  740.7 |
               +--------+--------+--------+--------+--------+-----+--------+

Top non-repeatable levels by time:
     D:1: 1400 daAuts
     D:2: 798 daAuts
     D:3: 23 daAuts
